 Dungeon Crawl Stone Soup version 0.29-a0-997-gf6f7e2dfe7 (webtiles) character file.

Game seed: 2895064257105794595

826 IdlyInterested the Poker (level 7, -2/54 HPs)
             Began as a Demonspawn Fighter on Aug 4, 2022.
             Slain by a gnoll
             ... wielding a +0 halberd
              (8 damage)
             ... on level 5 of the Dungeon.
             The game lasted 00:09:48 (4066 turns).

IdlyInterested the Poker (Demonspawn Fighter)       Turns: 4066, Time: 00:09:49

Health: -2/54      AC:  7    Str: 24    XL:     7   Next: 64%
Magic:  7/7        EV: 10    Int:  9    God:
Gold:   164        SH:  0    Dex: 13    Spells: 6/6 levels left

rFire   . . .      SeeInvis .   e - +2 halberd (freeze)
rCold   + . .      Faith    .   (shield currently unavailable)
rNeg    . . .      Spirit   .   b - +0 scale mail
rPois   .          Reflect  .   (no helmet)
rElec   .          Harm     .   (no cloak)
rCorr   .          Rampage  .   (no gloves)
Will    .....                   (no boots)
Stlth   ..........              (no amulet)
HPRegen 0.18/turn               k - ring of protection from cold
MPRegen 0.10/turn               j - +6 ring of strength

@: no status effects
A: foul stench 1, powered by death 1, weakness stinger 1
a: no special abilities


You were on level 5 of the Dungeon.
You visited 1 branch of the dungeon, and saw 5 of its levels.

You collected 164 gold pieces.

Inventory:

Hand Weapons
 a - a +0 trident
 e - a +2 halberd of freezing (weapon)
Armour
 b - a +0 scale mail (worn)
 c - a +0 buckler
Jewellery
 j - a +6 ring of strength (right hand)
 k - a ring of protection from cold (left hand)
Potions
 f - a potion of degeneration {unknown}
 g - a potion of ambrosia {unknown}
 h - 2 potions of curing {unknown}
 i - 3 potions of flight
 n - a potion of berserk rage {unknown}


   Skills:
 - Level 4.0 Fighting
 * Level 6.9 Polearms
 - Level 4.0 Armour
 + Level 1.4 Dodging
 - Level 2.6 Shields


You had 6 spell levels left.
You didn't know any spells.
Your spell library contained the following spells:

 Spells                   Type           Power      Damage    Failure   Level
 Beastly Appendage        Tmut           0%         N/A       67%         1
 Necrotise                Necr           0%         1d4       67%         1
 Sting                    Tmut/Pois      0%         1d3       67%         1
 Poisonous Vapours        Pois/Air       0%         N/A       82%         2
 Wereblood                Tmut           0%         N/A       82%         2
 Spider Form              Tmut/Pois      0%         N/A       96%         3
 Vampiric Draining        Necr           0%         2d6       96%         3
 Olgreb's Toxic Radiance  Pois           0%         N/A       100%        4
 Agony                    Necr           0%         N/A       100%        5


Dungeon Overview and Level Annotations

Branches:
Dungeon (5/15)
 Temple: D:4-7

Altars:


Innate Abilities, Weirdness & Mutations

You may rarely emit foul miasma when damaged in melee.
You regenerate a little health from kills.
You have a small tail.


Message History

You open the door.
The gnoll misses you. 2 gnolls come into view.
Found a scroll of immolation.
The gnoll shouts! x2
The gnoll hits you with a +0 halberd.
You hit the gnoll. You freeze the gnoll.
The gnoll is lightly wounded.
The gnoll closely misses you.
You impale the gnoll!! You freeze the gnoll.
You kill the gnoll!
A gnoll comes into view. It is wielding a +0 halberd.
The gnoll hits you from afar with a +0 halberd.
The gnoll closely misses you. The gnoll barely misses you.
The gnoll hits you with a +0 halberd!
Things that are here:
a +0 halberd; a gnoll corpse You closely miss the gnoll.
The gnoll hits you with a +0 halberd. The gnoll barely misses you.
You slash the gnoll! You freeze the gnoll.
You kill the gnoll!
The gnoll hits you but does no damage.
You barely miss the gnoll. The gnoll hits you with a +0 halberd.
You hit the gnoll. You freeze the gnoll.
The gnoll is severely wounded.
The gnoll closely misses you. The gnoll hits you with a +0 halberd.
The gnoll hits you with a +0 halberd! The gnoll closely misses you.
You completely miss the gnoll.
The gnoll is severely wounded.
The gnoll hits you from afar with a +0 halberd.
The gnoll closely misses you.
You closely miss the gnoll.
The gnoll is severely wounded.
The gnoll hits you from afar with a +0 halberd!
* * * LOW HITPOINT WARNING * * *
The gnoll hits you with a +0 halberd.
* * * LOW HITPOINT WARNING * * *
You closely miss the gnoll.
The gnoll is severely wounded.
The gnoll hits you from afar with a +0 halberd!
You die...

#.#####...... #.#
#.#############
#.#
#.#...........#
#.#
#.###...###.####(#
#...# #......#
#...##########
+..>'......
.###...########
#.......@).....#
#######..g.....#
#g####...# #.# ..#
#.# # #.# #.# #.


You could see 2 gnolls.

Vanquished Creatures
  The ghost of siradein the Shooter, an amateur DrHu (D:3)
  4 scorpions
  4 wights (D:4)
  2 hounds
  2 iguanas (D:4)
  5 gnolls
  7 adders
  5 worms
  3 dart slugs
  7 endoplasms
  A giant cockroach (D:4)
  8 goblins
  5 hobgoblins
  5 jackals
  3 quokkas
  7 ball pythons
  3 bats
  2 frilled lizards
  7 kobolds
  A rat (D:3)
82 creatures vanquished.

Notes
Turn   | Place    | Note
-------+----------+-------------------------------------------
     0 | D:1      | IdlyInterested the Demonspawn Fighter began the quest for
                  | the Orb.
     0 | D:1      | Reached XP level 1. HP: 18/18 MP: 1/1
   125 | D:1      | Reached skill level 2 in Polearms
   241 | D:1      | Gained mutation: You have a small tail. [demonic ancestry]
   241 | D:1      | Reached XP level 2. HP: 24/24 MP: 2/2
   889 | D:2      | Gained mutation: You may rarely emit foul miasma when
                  | damaged in melee. [demonic ancestry]
   889 | D:2      | Reached XP level 3. HP: 24/29 MP: 3/3
  1013 | D:2      | Reached skill level 3 in Polearms
  1315 | D:2      | Found a faded altar of an unknown god.
  1759 | D:2      | Reached XP level 4. HP: 37/37 MP: 4/4
  2140 | D:3      | Found a large runed translucent door.
  2140 | D:3      | Found a large runed translucent door.
  2375 | D:3      | Noticed siradein's ghost (amateur DrHu)
  2681 | D:3      | Killed siradein's ghost
  2682 | D:3      | Reached skill level 4 in Polearms
  2682 | D:3      | Gained mutation: You regenerate a little health from kills.
                  | [demonic ancestry]
  2682 | D:3      | Reached XP level 5. HP: 23/42 MP: 5/5
  3064 | D:4      | Reached skill level 5 in Polearms
  3064 | D:4      | Reached XP level 6. HP: 41/48 MP: 6/6
  3120 | D:4      | HP: 2/46 [wight/+2 halberd of freezing (1)]
  3172 | D:4      | Reached skill level 6 in Polearms
  3172 | D:4      | Reached XP level 7. HP: 24/54 MP: 7/7
  3999 | D:5      | Entered Level 5 of the Dungeon
  4010 | D:5      | Reached skill level 1 in Dodging
  4066 | D:5      | Slain by a gnoll

Illustrated notes

Levels and vault maps discovered:
D:1:      saegor_arrival_simple_b, layout_loops_ring, minmay_misc_feat_enclosed
D:2:      layout_loops_corners, hellmonk_ecumenical_altar_slurped_away
D:3:      layout_basic, ebering_ghost_disaster_area
D:4:      layout_rooms
D:5:      layout_basic, portal_sewer_entry_b, gammafunk_ghost_necromancy,
          nicolae_take_the_stairs, dreamdust_gnoll_farm

Skill      XL: |  1  2  3  4  5  6  7 |
---------------+----------------------+-----
Polearms       | 2 3 4 5 6 |  6.9
Fighting       | 4 |  4.0
Armour         | 3 4 |  4.0
Dodging        | 1 |  1.4
Shields        | |  2.6

Action                   |  1- 3 |  4- 6 |  7- 9 || total
-------------------------+-------+-------+-------++-------
Melee: Trident           |    85 |   138 |    18 ||   241
       Tailslap          |    10 |    11 |     4 ||    25
       Halberd           |       |       |    51 ||    51
  Use: Scroll            |     2 |       |     3 ||     5
       Potion            |       |     4 |       ||     4
Armor: Scale mail        |    20 |    65 |    20 ||   105
Dodge: Dodged            |    28 |    71 |    30 ||   129
Block: Buckler           |    15 |    43 |     2 ||    60

Table legend: (Time is in decaauts)
 A = Elapsed time spent in this place.
 B = Non-inter-level travel time spent in this place.
 C = Inter-level travel time spent in this place.
 D = Time resting spent in this place.
 E = Time spent auto-exploring this place.
 F = Levels seen in this place.
 G = Mean time per level.
                   A        B        C        D        E       F      G
               +--------+--------+--------+--------+--------+-----+--------+
         Total |   4112 |   3731 |    381 |    769 |   2164 |   5 |  822.4 |
       Dungeon |   4112 |   3731 |    381 |    769 |   2164 |   5 |  822.4 |
               +--------+--------+--------+--------+--------+-----+--------+

Top non-repeatable levels by time:
     D:2: 1444 daAuts
     D:4: 1057 daAuts
     D:3: 876 daAuts
     D:1: 665 daAuts
     D:5: 69 daAuts
